 Dungeon Crawl Stone Soup version 0.30-a0-782-ge64f9170bb (webtiles) character file.

Game seed: 12100956160602007173

6 Leeroy the Insei (level 1, -2/13 HPs)
             Began as an Octopode Transmuter on Feb 22, 2023.
             Slain by a hobgoblin (3 damage)
             ... on level 1 of the Dungeon.
             The game lasted 00:00:10 (43 turns).

Leeroy the Insei (Octopode Transmuter)                Turns: 43, Time: 00:00:11

Health: -2/13      AC:  1    Str:  9    XL:     1   Next: 90%
Magic:  3/3        EV: 13    Int: 15    God:
Gold:   13         SH:  0    Dex: 12    Spells: 3/4 levels left

rFire   . . .      SeeInvis .      - Unarmed
rCold   . . .      Faith    .    (no shield)
rNeg    . . .      Spirit   .    (helmet restricted)
rPois   .          Reflect  .    (no amulet)
rElec   .          Harm     .    (no ring)
rCorr   .          Rampage  .    (no ring)
Will    .....                    (no ring)
Stlth   ++                       (no ring)
HPRegen 0.22/turn                (no ring)
MPRegen 0.08/turn                (no ring)
                                 (no ring)
                                 (no ring)

@: no status effects
A: almost no armour, amphibious, 8 rings, camouflage 1, gelatinous body 1,
(nimble swimmer 1), tentacles
a: no special abilities


You were on level 1 of the Dungeon.
You visited 1 branch of the dungeon, and saw 1 of its levels.

You collected 13 gold pieces.

Inventory:

Scrolls
 b - 2 scrolls of identify {unknown}
 c - a scroll of teleportation {unknown}
Potions
 a - a potion of lignification


   Skills:
 - Level 1.0 Fighting
 - Level 2.0 Dodging
 * Level 3.4 Unarmed Combat
 - Level 2.0 Spellcasting
 - Level 2.0 Transmutations


You had 3 spell levels left.
You knew the following spells:

 Your Spells              Type           Power      Damage    Failure   Level
a - Beastly Appendage     Tmut           14%        N/A       10%         1

Your spell library contained the following spells:

 Spells                   Type           Power      Damage    Failure   Level
 Wereblood                Tmut           7%         N/A       14%         2
 Spider Form              Tmut/Pois      4%         N/A       41%         3
 Ice Form                 Ice/Tmut       4%         N/A       82%         4


Dungeon Overview and Level Annotations

Branches:
Dungeon (1/15)

Altars:


Innate Abilities, Weirdness & Mutations

You cannot wear most types of armour.
You are amphibious.
You can wear up to eight rings at the same time.
Your skin changes colour to match your surroundings (Stealth+).
Your rubbery body absorbs attacks. (AC +1, EV +1)
((You are camouflaged when in or above water. (Stealth+)))
You have tentacles for arms and can constrict up to eight enemies at once.


Message History

You barely miss the giant cockroach. You squeeze the giant cockroach.
You kill the giant cockroach!
A goblin and a dart slug come into view.
You see here a scroll labelled XANUSE MYCADA.
c - a scroll labelled XANUSE MYCADA The goblin shouts!
The ball python hisses angrily.
A kobold comes into view. It is wielding a +0 short sword.
A hobgoblin comes into view.
The hobgoblin shouts!
A giant cockroach comes into view.
You see here a scroll labelled BEICIPUADE.
b - 2 scrolls labelled BEICIPUADE (gained 1)
The ball python bites you. The ball python closely misses you. x3
You closely miss the ball python.
The kobold shouts!
Your grab misses the ball python.
The kobold throws a stone.
The stone closely misses you. The ball python closely misses you.
The ball python barely misses you.
You closely miss the ball python. You grab the ball python.
You constrict the ball python.
The kobold throws a stone.
The stone hits you. The ball python barely misses you. x2
You tentacle-slap the ball python.
You kill the ball python!
The goblin barely misses you.
You tentacle-slap the goblin. Your grab misses the goblin.
The goblin is moderately wounded.
The hobgoblin closely misses you. The goblin hits you with a +0 dagger.
The giant cockroach bites you.
You tentacle-slap the hobgoblin but do no damage.
Your grab misses the hobgoblin. The giant cockroach barely misses you.
The hobgoblin barely misses you. The goblin hits you with a +0 dagger.
* * * LOW HITPOINT WARNING * * *
You tentacle-slap the goblin.
You kill the goblin!
The giant cockroach barely misses you. The hobgoblin closely misses you.
The kobold throws a stone.
The stone misses you.
You tentacle-slap the hobgoblin. Your grab misses the hobgoblin.
The hobgoblin is almost dead.
The giant cockroach barely misses you. The hobgoblin hits you.
You die...

......##..w ..
.#.....#...### .#
......##......###.##
#.#....# #.........# #
......## #.........###.#
#..#...###..............
......##... #.(.(.......
#...#..#..###.#..B>.....
..#...##........@g...?..
#......#.........)......
......##...........K....
.......#................
......##.......$........
.#.#.#........####.....#
######.#.##...# ###.##
#.#.##...# .# #.####...#


You could see a giant cockroach, a hobgoblin and a kobold.

Vanquished Creatures
  A dart slug (D:1)
  A giant cockroach (D:1)
  A goblin (D:1)
  A ball python (D:1)
4 creatures vanquished.

Notes
Turn   | Place    | Note
-------+----------+-------------------------------------------
     0 | D:1      | Leeroy the Octopode Transmuter began the quest for the Orb.
     0 | D:1      | Reached XP level 1. HP: 13/13 MP: 3/3
    43 | D:1      | Slain by a hobgoblin

Illustrated notes

Levels and vault maps discovered:
D:1:      co_arrival_square_in_a_square_in_a_square, layout_rooms,
          shapermc_ecumenical_altar_totnotflames

Action                     || total
---------------------------++-------
  Melee: Unarmed           ||    12
         Constrict         ||     3
         Tentacles         ||     2
 Armour: Skin              ||     1
  Dodge: Dodged            ||    18

Table legend: (Time is in decaauts)
 A = Elapsed time spent in this place.
 B = Non-inter-level travel time spent in this place.
 C = Inter-level travel time spent in this place.
 D = Time resting spent in this place.
 E = Time spent auto-exploring this place.
 F = Levels seen in this place.
 G = Mean time per level.
                   A        B        C        D        E       F      G
               +--------+--------+--------+--------+--------+-----+--------+
         Total |     42 |     42 |      0 |      0 |     20 |   1 |   42.0 |
       Dungeon |     42 |     42 |      0 |      0 |     20 |   1 |   42.0 |
               +--------+--------+--------+--------+--------+-----+--------+

Top non-repeatable levels by time:
     D:1: 42 daAuts
